 Dungeon Crawl Stone Soup version 0.25-a0-668-gea548f19b6 (console) character file.

Game seed: 16808555362279012693, levelgen mode: classic

60 Duffy the Shield-Bearer (level 4, -8/42 HPs)
             Began as a Naga Fighter on Mar 28, 2020.
             Mangled by a crimson imp
             ... wielding a +0 dagger of chaos
              (9 damage)
             ... while petrified by a crimson imp
             ... on level 3 of the Dungeon.
             The game lasted 00:00:36 (405 turns).

Duffy the Shield-Bearer (Naga Fighter)               Turns: 405, Time: 00:00:37

Health: -8/42      AC:  4    Str: 18    XL:     4   Next: 6%
Magic:  4/4        EV:  1    Int:  9    God:
Gold:   0          SH:  0    Dex: 11    Spells: 3/3 levels left

rFire    . . .     SeeInvis +   a - +0 war axe
rCold    . . .     Gourm    .   c - +0 kite shield
rNeg     + + +     Faith    .   b - +0 scale mail
rPois    ∞         Spirit   .   (no helmet)
rElec    .         Reflect  .   (no cloak)
rCorr    .         Harm     .   (no gloves)
MR       .....                  (no barding)
Stlth    ..........             (no amulet)
HPRegen  0.14/turn              (no ring)
MPRegen  0.09/turn              (no ring)

@: agile, lethally poisoned (-8 -> -8), petrified, very slow
A: large, see invisible, deformed body, poison resistance, slowness 2, slow
metabolism 1, spit poison 1, AC +1
a: Spit Poison


You were on level 3 of the Dungeon.
You were not hungry.

You visited 1 branch of the dungeon, and saw 3 of its levels.

Inventory:

Hand Weapons
 a - a +0 war axe (weapon)
Armour
 b - a +0 scale mail (worn)
 c - a +0 kite shield (worn)
Potions
 d - a potion of might
Comestibles
 f - a ration
 g - 2 chunks of flesh


   Skills:
 - Level 3.0 Fighting
 + Level 2.9 Axes
 - Level 2.4 Armour
 * Level 3.5 Shields


You had 3 spell levels left.
You didn't know any spells.
Your spell library was empty.

Dungeon Overview and Level Annotations

Branches:
Dungeon (3/15)

Altars:
Xom


Innate Abilities, Weirdness & Mutations

You cannot wear boots.
Your serpentine skin is tough. (AC +1)
You have supernaturally acute eyesight. (SInv)
Armour fits poorly on your strangely shaped body.
Your system is resistant to poisons. (rPois)
You cover ground very slowly.
You have a slow metabolism.
You can spit poison.


Message History

The crimson imp is moderately wounded.
The crimson imp barely misses you.
You completely miss the crimson imp.
The crimson imp is moderately wounded.
The crimson imp blinks!
The crimson imp blinks!
The crimson imp hits you with a +0 dagger of chaos.
You are slowing down.
Things that are here:
a +0 club; a +0 chain mail; a goblin skeleton You hit the crimson imp.
The crimson imp is moderately wounded.
The crimson imp hits you but does no damage. x2
You are lethally poisoned!
You have turned to stone.
The crimson imp hits you with a +0 dagger of chaos.
The crimson imp hits you but does no damage.
The crimson imp hits you with a +0 dagger of chaos.
You are electrocuted!!
You die...

###### 0# #
....##^#.#
############
#..#...#
#...........
#..'._.+
##.#........
#.##...#
#.#.######. #.#
5#^# #.#.# #.# .# #
#.#.###########.#
##
#.#.....@5......# #
#(###.###########.#
#.# #......<<.....#
#.# #.######...####
#.# #.#....#...#
#.# #.##.#.#...##
#.# #.##.#..<...#
#.# #.##.###.#..#
#.# #^##.....#..#


You could see a crimson imp.

Vanquished Creatures
  A crimson imp (D:3)
  A gnoll (D:1)
  An adder (D:3)
  A leopard gecko (D:3)
  2 ball pythons
  A goblin (D:3)
  A rat (D:3)
8 creatures vanquished.

Notes
Turn   | Place    | Note
-------+----------+-------------------------------------------
     0 | D:1      | Duffy the Naga Fighter began the quest for the Orb.
     0 | D:1      | Reached XP level 1. HP: 21/21 MP: 1/1
    11 | D:1      | Reached XP level 2. HP: 16/28 MP: 2/2
   174 | D:3      | Reached XP level 3. HP: 23/34 MP: 3/3
   293 | D:2      | Noticed a phantom
   354 | D:3      | Found a shimmering altar of Xom.
   368 | D:3      | Reached XP level 4. HP: 37/42 MP: 4/4
   401 | D:3      | HP: 2/42 [crimson imp/+0 dagger of chaos (2)]
   405 | D:3      | Mangled by a crimson imp

Levels and vault maps discovered:
D:1:      dpeg_arrival_orchard, layout_rooms, minmay_pentomino_u2
D:2:      minmay_angry_zag, layout_rooms
D:3:      layout_basic, led_xom_imps

Skill      XL: |  1  2 |
---------------+-------+-----
Shields        | 3 |  3.5
Fighting       | |  3.0
Axes           | |  2.9
Armour         | |  2.4

Action                   |  1- 3 |  4- 6 || total
-------------------------+-------+-------++-------
Melee: War axe           |    34 |    20 ||    54
 Abil: Spit Poison       |     1 |       ||     1
Armor: Scale mail        |    17 |     5 ||    22
Dodge: Dodged            |     8 |     6 ||    14
Block: Kite shield       |    19 |     6 ||    25

Table legend:
 A = Non-vault XP
 B = Vault XP
 C = Vault XP percentage of total XP
 D = Non-vault monster count
 E = Vault monster count
 F = Vault count percentage of total count
                 A         B        C        D         E       F
            +---------+---------+-------+---------+---------+-------
      Total |      37 |      50 |  57.5 |       7 |       1 |  12.5
            +---------+---------+-------+---------+---------+-------
        D:1 |      16 |       0 |   0.0 |       2 |       0 |   0.0
        D:3 |      21 |      50 |  70.4 |       5 |       1 |  16.7
            +---------+---------+-------+---------+---------+-------
